 Dungeon Crawl Stone Soup version 0.21.1-1-g345015f (webtiles) character file.

242 Kuinu the Slasher (level 5, -2/47 HPs)
             Began as a Minotaur Fighter on July 17, 2018.
             Was an Initiate of Dithmenos.
             Shot with an arrow by a centaur (8 damage)
             ... on level 5 of the Dungeon.
             The game lasted 00:15:07 (2992 turns).

Kuinu the Slasher (Minotaur Fighter)                Turns: 2992, Time: 00:15:08

Health: -2/47      AC:  7    Str: 21    XL:     5   Next: 82%
Magic:  4/4        EV:  7    Int:  5    God:    Dithmenos [......]
Gold:   227        SH:  9    Dex: 10    Spells: 4/4 levels left

rFire    . . .     SeeInvis .   a - +0 long sword
rCold    . . .     Gourm    .   c - +0 shield
rNeg     . . .     Faith    .   b - +0 scale mail
rPois    +         Spirit   .   (helmet restricted)
rElec    .         Reflect  .   (no cloak)
rCorr    .         Harm     .   (no gloves)
MR       .....                  (no boots)
Stlth    ..........             (no amulet)
HPRegen  0.15/turn              (no ring)
MPRegen  0.09/turn              j - ring of poison resistance

@: no status effects
A: retaliatory headbutt, horns 2
a: Renounce Religion


You were on level 5 of the Dungeon.
You worshipped Dithmenos.
Dithmenos was noncommittal.
You were full.

You visited 1 branch of the dungeon, and saw 5 of its levels.

You collected 227 gold pieces.

Inventory:

Hand Weapons
 a - a +0 long sword (weapon)
Missiles
 g - 75 sling bullets
 h - 5 needles of frenzy
 i - 162 stones (quivered)
Armour
 b - a +0 scale mail (worn)
 c - a +0 shield (worn)
 e - a +0 chain mail
 o - a cursed +0 buckler
Jewellery
 j - a ring of poison resistance (right hand)
 v - an uncursed ring of fire
Scrolls
 l - a scroll of blinking {unknown}
 p - a scroll of random uselessness
Potions
 d - a potion of might
 k - a potion of degeneration {unknown}
 n - a potion of berserk rage {unknown}
 r - a potion of cancellation {unknown}
 s - 4 potions of curing {unknown}
 t - a potion of flight {unknown}
 u - a potion of magic {unknown}
 w - a potion of brilliance {unknown}
Comestibles
 f - 4 chunks of flesh
 q - 10 rations


   Skills:
 + Level 4.8 Fighting
 * Level 5.0 Long Blades
 + Level 4.7 Armour
 + Level 4.8 Shields


You had 4 spell levels left.
You didn't know any spells.

Dungeon Overview and Level Annotations

Branches:
Dungeon (5/15)
 Temple: D:4-7

Altars:
Dithmenos
Ru


Innate Abilities, Weirdness & Mutations

You reflexively headbutt those who attack you in melee.
You have a pair of horns on your head.


Message History

The centaur shoots an arrow.
You block the arrow.
You see here an arrow.
The centaur shoots an arrow.
The arrow hits you.
The centaur shoots an arrow.
The arrow hits you!
The centaur shoots an arrow.
The arrow hits you but does no damage.
You see here an arrow.
The centaur shoots an arrow.
The arrow hits you!
You see here an arrow.
The centaur shoots an arrow.
You block the arrow.
The centaur shoots an arrow.
The arrow hits you.
You see here an arrow.
The centaur shoots an arrow.
The arrow hits you.
* * * LOW HITPOINT WARNING * * *
You see here an arrow.
As you read the scroll of fog, it crumbles to dust.
The scroll dissolves into smoke.
The centaur shoots an arrow.
The arrow hits you.
* * * LOW HITPOINT WARNING * * *
The centaur shoots an arrow.
The arrow hits you!
You die...

##########
###....$...# ###
..........+ ...
#........# #.# ##
####........#.... .#
........§§c§#.#.##.#
#....§§§§#.#....#
#.(.(§@§§#.#.#..#
##(#######.#.<..#
####
#.......#.#.#..#.....
#..####.#...÷.....#
#..# #.#...#........
#... #.#...#..#.....
#.... #.#....#.#.....
#.....#.#....#...#...
#.....#.#.#...#.. ...


You could see a centaur.

Vanquished Creatures
  A crimson imp (D:5)
  A hound (D:4)
  An orc priest (D:4)
  A worker ant (D:4)
  3 adders
  2 oozes
  3 worms
  A dart slug (D:3)
  A leopard gecko (D:5)
  11 orcs
  3 bats
  3 giant cockroaches
  5 goblins
  9 hobgoblins
  4 jackals (D:5)
  12 kobolds
  2 frilled lizards
  8 rats
71 creatures vanquished.

Notes
Turn   | Place    | Note
-------+----------+-------------------------------------------
     0 | D:1      | Kuinu the Minotaur Fighter began the quest for the Orb.
     0 | D:1      | Reached XP level 1. HP: 19/19 MP: 0/0
   316 | D:1      | Reached XP level 2. HP: 26/27 MP: 1/1
   365 | D:1      | Reached skill level 3 in Long Blades
  1166 | D:2      | Reached XP level 3. HP: 33/33 MP: 2/2
  1869 | D:3      | Reached XP level 4. HP: 33/40 MP: 3/3
  2161 | D:3      | Reached skill level 4 in Long Blades
  2603 | D:4      | Found a sacrificial altar of Ru.
  2618 | D:4      | Reached XP level 5. HP: 47/47 MP: 4/4
  2736 | D:4      | Found a shadowy altar of Dithmenos.
  2755 | D:4      | Became a worshipper of Dithmenos the Shadowed
  2890 | D:4      | Noticed a phantom
  2919 | D:5      | Entered Level 5 of the Dungeon
  2949 | D:5      | Reached skill level 5 in Long Blades
  2984 | D:5      | Noticed a centaur
  2992 | D:5      | Shot with an arrow by a centaur

Skill      XL: |  1  2  3  4  5 |
---------------+----------------+-----
Long Blades    | 3 4 5 |  5.0
Fighting       | 4 |  4.8
Armour         | 4 |  4.7
Shields        | 4 |  4.8

Action                   |  1- 3 |  4- 6 || total
-------------------------+-------+-------++-------
Melee: Long sword        |    88 |    73 ||   161
       Headbutt          |    15 |    12 ||    27
  Use: Scroll            |       |     7 ||     7
  Eat: Ration            |     1 |     2 ||     3
       Chunk             |       |     1 ||     1
Armor: Scale mail        |    41 |    35 ||    76
Dodge: Dodged            |    38 |    27 ||    65
Block: Shield            |    51 |    54 ||   105
       Rpst.: Long sword |     8 |     6 ||    14
